 Dungeon Crawl Stone Soup version 0.32-a0-18-g89e19f1974 (webtiles) character file.

Game seed: 8702133068538622617

12 Sweetruy1997 the Firebug (level 2, 0/4 HPs)
             Began as a Tengu Fire Elementalist on Jan 16, 2024.
             Slain by a giant cockroach (2 damage)
             ... on level 1 of the Dungeon.
             The game lasted 00:05:13 (576 turns).

Sweetruy1997 the Firebug (Tengu Fire Elementalist)   Turns: 576, Time: 00:05:13

Health: 0/4        AC:  0    Str:  8    XL:     2   Next: 33%
Magic:  3/6        EV: 16    Int: 15    God:
Gold:   80         SH:  0    Dex: 14    Spells: 2/5 levels left

rFire   . . .        c - melded +0 whip
rCold   . . .        (shield currently unavailable)
rNeg    . . .        a - melded +0 robe
rPois   .            (helmet restricted)
rElec   .            (no cloak)
rCorr   .            (no gloves)
SInv    .            (boots unavailable)
Will    .....        (no amulet)
Stlth   +            (no ring)
HPRegen 0.20/turn    (no ring)
MPRegen 0.10/turn

%: acrobat
@: flux-form, glowing
A: glow, contaminating, reduced hp, beak, talons 3, acrobatic
a: Begin Untransformation


You were on level 1 of the Dungeon.
You were something dangerously unstable.
You visited 1 branch of the dungeon, and saw 1 of its levels.

You collected 80 gold pieces.

Inventory:

Hand Weapons
 c - a +0 whip (melded)
Missiles
 d - 7 stones
Armour
 a - a +0 robe (melded)
Jewellery
 h - an amulet of reflection
Talismans
 i - a flux talisman (active)
Scrolls
 e - a scroll of enchant armour {unknown}
 f - a scroll of noise {unknown}
 g - a scroll of amnesia {unknown}
 j - a scroll of fear {unknown}
Potions
 b - a potion of magic


   Skills:
 + Level 2.3 Dodging
 + Level 2.0 Stealth
 + Level 2.1 Spellcasting
 + Level 1.6 Conjurations
 + Level 3.7 Fire Magic


You had 2 spell levels left.
You knew the following spells:

 Your Spells              Type           Power      Damage    Failure   Level
a - Foxfire               Conj/Fire      36%        2x1d5     8%          1
b - Scorch                Fire           24%        2d6       7%          2

Your spell library contained the following spells:

 Spells                   Type           Power      Damage    Failure   Level
 Inner Flame              Hex/Fire       7%         N/A       30%         3
 Volatile Blastmotes      Fire/Tloc      14%        2d11      30%         3
 Flame Wave               Conj/Fire      9%         2d6       58%         4


Dungeon Overview and Level Annotations

Branches:
Dungeon (1/15)

Altars:

Shops:
D:1 (


Innate Abilities, Weirdness & Mutations

You are something dangerously unstable.
You glow with magical radiation, making you easy to see and hit.
Foes you strike become dangerously contaminated with magical radiation.
Your maximum health is decreased, since you lack skill for your form.
You are incapable of wielding weapons or throwing items.
You have a beak for a mouth.
You have claws for feet.
You can magically evade attacks while moving or waiting.


Message History

You kill the kobold!
Your foxfire dissipates!
Your magical contamination has completely faded away.
i - a flux talisman You begin transforming.
You continue transforming. x3
You turn into something dangerously unstable.
Your +0 whip melds into your body.
Your +0 robe melds into your body.
j - a scroll labelled CAIDYO BEORA You now have 71 gold pieces (gained 10).
Found a club.
Found a human corpse.
Found Pajaruosk's Weapon Shop.
There is an entrance to Pajaruosk's Weapon Shop here.
You now have 80 gold pieces (gained 9).
There is a stone staircase leading down here.
A giant cockroach comes into view.
You conjure some foxfire!
The foxfire hits the giant cockroach but does no damage.
You conjure some foxfire!
The foxfire hits the giant cockroach but does no damage.
The foxfire hits the giant cockroach.
The giant cockroach is moderately wounded.
You conjure some foxfire!
The giant cockroach bites you.
Ouch! That really hurt!
The foxfire hits the giant cockroach.
The giant cockroach is severely wounded.
The foxfire hits the giant cockroach but does no damage.
The giant cockroach is severely wounded.
The giant cockroach misses you.
You are too injured to fight recklessly!
You are too injured to fight recklessly!
You hit the giant cockroach.
The giant cockroach begins to glow.
Your peck misses the giant cockroach.
The giant cockroach is almost dead.
The giant cockroach barely misses you.
You hit the giant cockroach but do no damage.
The giant cockroach glows dangerously bright.
The giant cockroach is almost dead.
The giant cockroach bites you.
Ouch! That really hurt!
You die...

##...###.# ##.### #.#
#...# #.# #...####.# .
#........##### ...
#####....###......
.....###...........#.#...
.......B..........###....
#.##v###p..........#.#...
####..>..###......
#..........#... #
#.....######.## . #.....#
#.## #. #.#.#.# #(## .#
####.....# #.## .#
#.......#######... ##
.##.##....#......###


You could see a giant cockroach (heavy contam).

Vanquished Creatures
  A ball python (D:1)
  3 endoplasms (D:1)
  2 giant cockroaches (D:1)
  A hobgoblin (D:1)
  A quokka (D:1)
  2 kobolds (D:1)
10 creatures vanquished.

Vanquished Creatures (others)
  32 foxfires (D:1)
32 creatures vanquished.

Grand Total: 42 creatures vanquished

Notes
Turn   | Place    | Note
-------+----------+-------------------------------------------
     0 | D:1      | Sweetruy1997 the Tengu Fire Elementalist began the quest
                  | for the Orb.
     0 | D:1      | Reached XP level 1. HP: 10/10 MP: 4/4
   154 | D:1      | Reached XP level 2. HP: 1/15 MP: 3/6
   288 | D:1      | Learned a level 2 spell: Scorch
   505 | D:1      | Found Pajaruosk's Weapon Shop.
   576 | D:1      | Slain by a giant cockroach

Illustrated notes

Levels and vault maps discovered:
D:1:      wander_arrival_peaceful_grave, layout_loops_cross, serial_shops,
          nicolae_shop_bloodbath_and_beyond

Action                     || total
---------------------------++-------
  Melee: Whip              ||     3
         Unarmed           ||     3
         Peck              ||     2
         Kick              ||     1
  Throw: Stone             ||     7
   Cast: Foxfire           ||    20
 Armour: Robe              ||     3
         Skin              ||     2
  Dodge: Dodged            ||     5
   Form: Flux              ||     1

Table legend: (Time is in decaauts)
 A = Elapsed time spent in this place.
 B = Non-inter-level travel time spent in this place.
 C = Inter-level travel time spent in this place.
 D = Time resting spent in this place.
 E = Time spent auto-exploring this place.
 F = Levels seen in this place.
 G = Mean time per level.
                   A        B        C        D        E       F      G
               +--------+--------+--------+--------+--------+-----+--------+
         Total |    576 |    576 |      0 |      0 |    482 |   1 |  576.0 |
       Dungeon |    576 |    576 |      0 |      0 |    482 |   1 |  576.0 |
               +--------+--------+--------+--------+--------+-----+--------+

Top non-repeatable levels by time:
     D:1: 576 daAuts
